 Dungeon Crawl Stone Soup version 0.16-a0-2072-gc0ac6de (webtiles) character file.

6510 PolkaDot the Summoner (level 10, -6/73 HPs)
             Began as a Vampire Summoner on Nov 12, 2014.
             Was an Elder of Sif Muna.
             Mangled by an anubis guard (shapeshifter) (15 damage)
             ... on level 10 of the Dungeon.
             The game lasted 00:59:31 (11701 turns).

PolkaDot the Summoner (Vampire Summoner)           Turns: 11701, Time: 00:59:31

Health: -6/73      AC:  6    Str:  7    XL:     10   Next: 69%
Magic:  21/21      EV: 12    Int: 20    God:    Sif Muna [****..]
Gold:   471        SH:  0    Dex: 14    Spells: 5 memorised, 0 levels left

rFire  . . .     SeeInvis +     x - +2 quarterstaff (chaos)
rCold  . . .     Clarity  .     a - +0 robe
rNeg   + . .     SustAb   .     (no shield)
rPois  .         Gourm    .     C - +1 helmet
rElec  .         Spirit   .     o - +0 cloak
rCorr  .         Warding  .     y - +0 pair of gloves
rMut   .         Stasis   .     (no boots)
MR     +....                    (no amulet)
Stlth  ++........               q - ring of positive energy
                                i - ring of flight

@: about to teleport, very slightly contaminated, regenerating quickly, hasted,
drained, very quick, somewhat resistant to hostile enchantments, unstealthy
A: bottle blood, fangs 3, see invisible, unbreathing
a: Bottle Blood, Channel Energy, Forget Spell, Renounce Religion, Evoke Flight


You were on level 10 of the Dungeon.
You worshipped Sif Muna.
Sif Muna was greatly pleased with you.
You were full.

You visited 1 branch of the dungeon, and saw 10 of its levels.
You also visited: Sewer.

You collected 471 gold pieces.

Inventory:

Hand weapons
 d - a +0 spear
 x - a +2 quarterstaff of chaos (weapon)
Missiles
 G - a throwing net (quivered)
Armour
 a - a +0 robe (worn)
 o - a +0 cloak (worn)
 y - a +0 pair of gloves (worn)
 C - a +1 helmet (worn)
Jewellery
 i - a ring of flight (left hand)
 q - a ring of positive energy (right hand)
Magical devices
 B - a wand of slowing (30)
 F - a wand of draining (6)
Scrolls
 c - a scroll of silence {unknown}
 j - 2 scrolls of fear
 l - a scroll of recharging
 m - a scroll of fog
 p - a scroll of enchant armour {unknown}
 r - 7 scrolls of teleportation
 w - a scroll of identify
 z - a scroll of enchant weapon {unknown}
 A - a scroll of magic mapping
 E - 3 scrolls of remove curse
Potions
 e - 2 potions of might
 g - a potion of haste
 h - a potion of brilliance
 k - a potion of magic
 n - a potion of resistance
 s - a potion of curing
 t - a potion of agility
 v - a potion of cure mutation {!q}
 D - a potion of mutation {unknown}
Books
 b - a book of Callings

   Spells                             Type                      Level
   Summon Small Mammal                Summoning                    1
   Call Imp                           Summoning                    2
   *Call Canine Familiar              Summoning                    3
   *Summon Guardian Golem             Hexes/Summoning              4
   *Summon Lightning Spire            Summoning/Air                4
   *Summon Ice Beast                  Ice/Summoning                4
 u - a book of Air

   Spells                             Type                      Level
   Shock                              Conjuration/Air              1
   Swiftness                          Charms/Air                   2
   *Repel Missiles                    Charms/Air                   2
   Flight                             Charms/Air                   3
   Static Discharge                   Conjuration/Air              3
   Lightning Bolt                     Conjuration/Air              5


   Skills:
 - Level 4.8(4.5) Fighting
 + Level 5.4(5.1) Staves
 - Level 2.1(1.9) Dodging
 - Level 3.0(2.7) Stealth
 - Level 4.2(3.9) Spellcasting
 - Level 6.1(5.8) Hexes
 * Level 2.9(2.6) Charms
 - Level 9.0(8.7) Summonings
 - Level 6.0(5.7) Ice Magic
 - Level 5.1(4.8) Air Magic
 + Level 3.3(3.0) Invocations


You couldn't memorise any spells.
You knew the following spells:

 Your Spells              Type           Power        Failure   Level  Hunger
d - Call Canine Familiar  Summ           #####...     1%          3    ###....
g - Summon Guardian Gole  Hex/Summ       ####....     10%         4    ####...
i - Summon Ice Beast      Ice/Summ       ####....     10%         4    ####...
s - Summon Lightning Spi  Summ/Air       ####....     10%         4    ####...
D - Repel Missiles        Chrm/Air       ###...       4%          2    ##.....


Dungeon Overview and Level Annotations

Branches:
Dungeon (10/15)            Temple (0/1) D:7
   Lair: D:8-11         Orc: D:9-12

Altars:
Dithmenos
Fedhas
Kikubaaqudgha
Nemelex Xobeh
Qazlal
Sif Muna
Vehumet
Yredelemnul

Shops:
D:7 :   D:8 *


Innate Abilities, Weirdness & Mutations

Your natural rate of healing is unusually fast.
You can bottle blood from corpses.
You have razor-sharp teeth.
You have supernaturally acute eyesight.
You can survive without breathing.


Message History

Read which item? (? for menu, Esc to quit)
Okay, then.
Drink which item? (? for menu, Esc to quit)
Okay, then.
The anubis guard breathes negative energy at you.
The bolt of negative energy hits you! You resist. You partially resist.
You feel drained.
* * * LOW HITPOINT WARNING * * *
You see here an arrow.
Drink which item? (? for menu, Esc to quit)
Okay, then.
Drink which item? (? for menu, Esc to quit)
Okay, then.
Drink which item? (? for menu, Esc to quit)
You feel yourself speed up.
You are very lightly contaminated with residual magic.
Read which item? (? for menu, Esc to quit)
As you read the scroll of teleportation, it crumbles to dust.
You feel strangely unstable. The anubis guard hits you!
You die...

... ...# #.. #..#
# #.# ...# ###
#.##.####..# #..
#........!.# #.#
####......####.#.#
#......#(.H.)..#.#
#.####.#H#######.#
..
#......@.....#.###
##
#.##.#.####.##...#
.. #.#.# #....#.#
#..
..#.#######.#.# #
##.#........<..#
#.#########.###
### ###


You could see an anubis guard shaped shifter.

Vanquished Creatures
  Pikel (D:4)
  A yak (D:9)
  A shadow (D:8)
  The ghost of hackum the Shield-Bearer, an average FoFi (Sewer)
  A hippogriff (D:9)
  A spider (D:6)
  2 ogres
  Purgy (Sewer)
  An ice beast (D:8)
  3 phantoms
  2 sky beasts (D:8)
  A necrophage (D:9)
  6 centaurs
  Duvessa (D:6)
  3 giant frogs
  A big kobold (D:7)
  2 jellies
  2 scorpions
  An electric eel (D:7)
  A wight (D:8)
  Dowan (D:6)
  6 crimson imps
  3 orc priests
  3 hounds
  4 orc wizards
  Crazy Yiuf (D:4)
  A centaur skeleton (D:6)
  6 worker ants
  Ijyb (D:6)
  8 adders
  A steam dragon zombie (D:7)
  2 shadow imps (D:5)
  2 giant mites (D:3)
  2 worms
  16 orcs
  11 bats
  3 giant cockroaches
  15 hobgoblins
  11 kobolds
  2 quokkas
  2 ball pythons
  3 giant geckos
  A giant gecko skeleton (D:7)
  10 giant newts
  8 goblins
  2 hobgoblin skeletons
  3 jackals (D:1)
  A jackal skeleton (D:4)
  A jackal zombie (D:3)
  A kobold skeleton (D:4)
  2 orc skeletons
  A quokka skeleton (D:6)
  17 rats
  5 ballistomycetes
189 creatures vanquished.

Vanquished Creatures (collateral kills)
  A hill giant (D:9)
  A cyclops (D:9)
  Joseph (D:8)
  A two-headed ogre (D:9)
  8 yaks (D:9)
  A hill giant skeleton (D:6)
  2 water moccasins
  A black bear (D:9)
  2 orc warriors (D:8)
  2 ice beasts (D:8)
  3 ogres
  2 centaurs
  2 giant frogs
  2 orc wizards (D:6)
  4 wights (D:8)
  4 killer bees (D:9)
  2 electric eels (D:7)
  2 hounds (D:9)
  A mummy (D:8)
  5 gnolls
  3 adders
  3 worms
  An adder zombie (D:9)
  2 giant geckos
  An ooze (D:1)
  9 orcs
  7 hobgoblins
  3 jackals
  A quokka (D:2)
  4 bats
  A giant newt (D:2)
  A giant spore (D:8)
  4 goblins (D:5)
  6 kobolds
  3 rats
  2 ballistomycetes (D:8)
98 creatures vanquished.

Vanquished Creatures (others)
  2 guardian golems
  A yak (D:9)
  11 ice beasts
  4 wolves
  A centaur (D:9)
  A spider zombie (D:6)
  A crimson imp (D:7)
  A giant frog skeleton (D:4)
  12 hounds
  2 white imps (D:7)
  4 bats
  3 quokkas (D:1)
  A giant newt (D:4)
  2 giant spores
  A kobold (D:7)
  A kobold zombie (D:8)
  3 rats
51 creatures vanquished.

Grand Total: 338 creatures vanquished

Notes
Turn   | Place    | Note
--------------------------------------------------------------
     0 | D:1      | PolkaDot, the Vampire Summoner, began the quest for the Orb.
     0 | D:1      | Reached XP level 1. HP: 13/13 MP: 3/3
   112 | D:1      | Reached skill level 1 in Fighting
   112 | D:1      | Reached XP level 2. HP: 16/21 MP: 1/4
   626 | D:1      | Reached XP level 3. HP: 22/26 MP: 6/6
   631 | D:1      | Learned a level 3 spell: Call Canine Familiar
   634 | D:1      | Learned a level 2 spell: Call Imp
  1479 | D:2      | Reached skill level 5 in Summonings
  1724 | D:3      | Reached XP level 4. HP: 23/33 MP: 7/7
  1952 | D:3      | Found a glowing drain.
  1968 | Sewer    | Entered a sewer
  2102 | Sewer    | Noticed Purgy
  2139 | Sewer    | Killed Purgy
  2139 | Sewer    | Reached XP level 5. HP: 24/39 MP: 7/9
  2181 | Sewer    | Noticed hackum's ghost (average FoFi)
  2258 | Sewer    | Killed hackum's ghost
  2258 | Sewer    | Reached skill level 6 in Summonings
  2258 | Sewer    | Reached XP level 6. HP: 35/47 MP: 7/10
  2799 | D:4      | Found a deep blue altar of Sif Muna.
  2803 | D:4      | Found a radiant altar of Vehumet.
  2804 | D:4      | Found a stormy altar of Qazlal.
  2804 | D:4      | Found a shadowy altar of Dithmenos.
  2827 | D:4      | Got an encrusted whip
  2828 | D:4      | Identified the +6 whip "Dragon's Tongue" {vamp, SInv} (You found it on level 4 of the Dungeon)
  2844 | D:4      | Found a sparkling altar of Nemelex Xobeh.
  2863 | D:4      | Became a worshipper of Sif Muna the Loreminder
  3051 | D:4      | Reached skill level 7 in Summonings
  3299 | D:4      | Reached XP level 7. HP: 52/52 MP: 12/12
  3324 | D:4      | Noticed Pikel
  3349 | D:4      | Killed Pikel
  3349 | D:4      | Acquired Sif Muna's first power
  3349 | D:4      | Reached skill level 8 in Summonings
  3349 | D:4      | Reached XP level 8. HP: 52/61 MP: 10/13
  4088 | D:4      | Noticed Crazy Yiuf
  4103 | D:4      | Killed Crazy Yiuf
  4157 | D:4      | Reached skill level 9 in Summonings
  4181 | D:4      | Learned a level 4 spell: Summon Ice Beast
  4213 | D:5      | Entered Level 5 of the Dungeon
  4383 | D:5      | Reached skill level 1 in Ice Magic
  5084 | D:5      | Reached skill level 1 in Staves
  5635 | D:6      | Acquired Sif Muna's second power
  5870 | D:6      | Noticed Ijyb
  5877 | D:6      | Killed Ijyb
  5919 | D:6      | Reached skill level 5 in Ice Magic
  6139 | D:6      | Reached XP level 9. HP: 52/67 MP: 2/14
  6566 | D:6      | Found a basalt altar of Yredelemnul.
  6589 | D:6      | Noticed Dowan
  6601 | D:6      | Noticed Duvessa
  6607 | D:6      | Killed Duvessa
  6618 | D:6      | Killed Dowan
  6685 | D:6      | Learned a level 4 spell: Summon Guardian Golem
  6724 | D:7      | Found a staircase to the Ecumenical Temple.
  6871 | D:7      | Reached skill level 1 in Hexes
  7448 | D:7      | Found Mugasch's Book Boutique.
  7845 | D:7      | Learned a level 2 spell: Repel Missiles
  7864 | D:8      | Noticed Joseph
  8103 | D:8      | Reached skill level 5 in Hexes
  8456 | D:8      | Found a blossoming altar of Fedhas.
  8674 | D:8      | Reached skill level 1 in Air Magic
  8721 | D:8      | Killed Joseph
  8919 | D:8      | Found an ancient bone altar of Kikubaaqudgha.
  8937 | D:8      | Reached XP level 10. HP: 58/73 MP: 21/21
  9270 | D:8      | Reached skill level 1 in Invocations
  9408 | D:8      | Found Xuiptifi's Assorted Antiques.
  9487 | D:8      | Learned a level 4 spell: Summon Lightning Spire
 10143 | D:9      | Acquired Sif Muna's third power
 10775 | D:9      | Noticed a hill giant
 10785 | D:9      | Killed a hill giant
 10785 | D:9      | Reached skill level 5 in Staves
 10861 | D:9      | Noticed a cyclops
 10871 | D:9      | Killed a cyclops
 10871 | D:9      | Reached skill level 5 in Air Magic
 10938 | D:9      | Reached skill level 1 in Charms
 11657 | D:10     | Entered Level 10 of the Dungeon
 11686 | D:10     | Noticed an unseen horror
 11686 | D:10     | a worm changed into an unseen horror
 11689 | D:10     | an unseen horror changed into a wind drake
 11692 | D:10     | Noticed an anubis guard
 11692 | D:10     | a wind drake changed into an anubis guard
 11701 | D:10     | Mangled by an anubis guard (shapeshifter)

Action                   |  1- 3 |  4- 6 |  7- 9 | 10-12 || total
-------------------------+-------+-------+-------+-------++-------
Melee: Unarmed           |     9 |       |       |       ||     9
       Spear             |   126 |   126 |       |       ||   252
       Flail             |     3 |       |       |       ||     3
       Whip              |       |    67 |    66 |       ||   133
       Quarterstaff      |       |       |   343 |   152 ||   495
 Cast: Summon Small Mamm |    14 |       |       |       ||    14
       Call Canine Famil |     3 |     4 |    24 |    12 ||    43
       Call Imp          |     2 |     2 |    11 |       ||    15
       Summon Ice Beast  |       |       |    42 |    33 ||    75
       Repel Missiles    |       |       |     1 |       ||     1
       Summon Guardian G |       |       |       |     4 ||     4
       Summon Lightning  |       |       |       |     2 ||     2
Invok: Channel Energy    |       |       |    50 |    43 ||    93
 Abil: Bottle Blood      |       |       |    22 |       ||    22
  Use: Potion            |     1 |     8 |    30 |     5 ||    44
       Scroll            |     4 |     3 |     9 |     4 ||    20
 Stab: Sleeping          |     5 |       |    12 |     3 ||    20
       Paralysed         |       |       |     6 |     1 ||     7
       Distracted        |       |       |     2 |     2 ||     4
       Confused          |       |       |     1 |       ||     1
       Petrifying        |       |       |       |     1 ||     1
  Eat: Corpse            |    15 |     9 |    18 |    20 ||    62
